 Dungeon Crawl Stone Soup version 0.20-a0-555-gf6ae02d (webtiles) character file.

14197 Asddderdsw the Frost Mage (level 11, -1/189 HPs)
             Began as a Demigod Ice Elementalist on Feb 3, 2017.
             Slain by a vampire mosquito (5 damage)
             ... on level 15 of the Dungeon on Feb 4, 2017.
             The game lasted 02:26:04 (15909 turns).

Asddderdsw the Frost Mage (DgIE)                   Turns: 15909, Time: 02:26:04

Health: -1/189     AC: 25    Str: 18    XL:     11   Next: 55%
Magic:  11/27      EV:  2    Int: 25    God:
Gold:   615        SH:  8    Dex: 16    Spells: 1/26 levels left

rFire    . . .     SeeInvis .   N - +6 flail (crush)
rCold    . . .     Gourm    .   (armour currently unavailable)
rNeg     + + +     Faith    .   A - +0 buckler
rPois    +         Spirit   .   (helmet currently unavailable)
rElec    .         Reflect  +   (cloak currently unavailable)
rCorr    .         Harm     .   (gloves currently unavailable)
MR       ++...     NoTele   +   (boots currently unavailable)
Stlth    ..........             j - +3 amulet of reflection
Regen    0.5/turn               T - +2 ring of strength
                                B - ring of protection from magic

@: berserking, tree-form, very slightly contaminated, repel missiles, very quick
A: (horns 0), (fire resistance 0), high mp 1
a: no special abilities


You were on level 15 of the Dungeon.
You were not hungry.
You were a tree.
You visited 4 branches of the dungeon, and saw 19 of its levels.

You collected 747 gold pieces.
You spent 132 gold pieces at shops.

Inventory:

Hand Weapons
 h - a +0 dagger of venom
 C - a +0 lajatang
 J - a +1 quarterstaff of draining
 N - a +6 flail of crushing (weapon)
Missiles
 i - 276 stones (quivered)
 X - 4 tomahawks
Armour
 a - a +0 robe
 e - a +0 pair of gloves (melded)
 A - a +0 buckler (worn)
 E - a +0 troll leather armour (melded)
 I - a +2 pair of boots (melded)
 L - +0 storm dragon scales
 P - a +0 cloak (melded)
Jewellery
 j - a +3 amulet of reflection (around neck)
 r - an uncursed ring of protection from cold
 u - an uncursed ring of protection from magic
 B - a ring of protection from magic (left branch)
 T - a +2 ring of strength (right branch)
 U - an uncursed ring of resist corrosion
 Z - an uncursed ring of fire
Wands
 o - a wand of polymorph (9/24)
 M - a wand of confusion (16/48)
 S - a wand of paralysis (22/24)
 V - a wand of enslavement (10/24)
 W - a wand of flame (10/48)
Scrolls
 f - 2 scrolls of amnesia {unknown}
 q - 3 scrolls of fear
 s - 7 scrolls of remove curse
 v - 2 scrolls of enchant armour {unknown}
 D - 2 scrolls of enchant weapon {unknown}
 H - a scroll of magic mapping {unknown}
 Y - a scroll of summoning {unknown}
Potions
 k - 2 potions of flight
 m - a potion of brilliance
 n - a potion of invisibility
 p - 3 potions of might
 x - a potion of ambrosia
 z - a potion of cure mutation
 G - a potion of mutation
Books
 b - a book of Frost

   Spells                             Type                      Level
   a - Freeze                         Ice                          1
   b - Throw Frost                    Conjuration/Ice              2
   c - Ozocubu's Armour               Charms/Ice                   3
   d - Throw Icicle                   Conjuration/Ice              4
   e - Summon Ice Beast               Ice/Summoning                4
 d - a book of Minor Magic

   Spells                             Type                      Level
   a - Magic Dart                     Conjuration                  1
   b - Blink                          Translocation                2
   c - Call Imp                       Summoning                    2
   d - Repel Missiles                 Charms/Air                   2
   e - Slow                           Hexes                        2
   f - Conjure Flame                  Conjuration/Fire             3
   g - Mephitic Cloud                 Conjuration/Poison/Air       3
 F - a book of Changes

   Spells                             Type                      Level
   a - Beastly Appendage              Transmutation                1
   b - Sticks to Snakes               Transmutation                2
   c - Spider Form                    Transmutation/Poison         3
   d - Ice Form                       Ice/Transmutation            4
   e - Blade Hands                    Transmutation                5
 K - a book of Maledictions

   Spells                             Type                      Level
   a - Corona                         Hexes                        1
   b - Ensorcelled Hibernation        Hexes/Ice                    2
   c - Confuse                        Hexes                        3
   d - Tukima's Dance                 Hexes                        3
   e - Dazzling Spray                 Conjuration/Hexes            3
Miscellaneous
 y - a sack of spiders
Comestibles
 c - 2 bread rations
 w - 5 meat rations


   Skills:
 + Level 4.0 Fighting
 + Level 3.2(5.2) Maces & Flails
 + Level 6.4(6.8) Staves
 + Level 1.3 Armour
 + Level 5.2 Dodging
 + Level 4.4 Stealth
 + Level 2.5 Shields
 + Level 0.8 Unarmed Combat
 + Level 8.4 Spellcasting
 + Level 4.2 Conjurations
 + Level 2.3 Hexes
 + Level 2.8 Charms
 + Level 1.2 Translocations
 + Level 1.5 Transmutations
 + Level 8.7 Ice Magic
 + Level 0.5 Air Magic
 + Level 0.8 Poison Magic


You had one spell level left.
You knew the following spells:

 Your Spells              Type           Power        Failure   Level  Hunger
a - Freeze                Ice            ####         1%          1    None
b - Throw Frost           Conj/Ice       #####.       1%          2    None
c - Ozocubu's Armour      Chrm/Ice       #####...     1%          3    None
d - Throw Icicle          Conj/Ice       #####...     6%          4    ##.....
e - Ice Form              Ice/Tmut       #####...     10%         4    ##.....
f - Ensorcelled Hibernat  Hex/Ice        #####.       1%          2    None
g - Repel Missiles        Chrm/Air       ###...       8%          2    None
h - Slow                  Hex            ###.....     6%          2    None
i - Blink                 Tloc           N/A          10%         2    None
j - Mephitic Cloud        Conj/Pois/Air  ###.....     12%         3    None


Dungeon Overview and Level Annotations

Branches:
Dungeon (15/15) Temple (1/1) D:4 Lair (2/6) D:11 Orc (1/2) D:9 Vaults (0/5) D:12 D:13 Swamp: Lair:2-4 Shoals: Lair:2-4 Snake: Lair:2-4 Spider: Lair:2-4 Depths: D:15

Shops:
D:7 *   D:11 [

Annotations:
D:3 1 runed door
D:8 Joseph
D:13 Frances, Rupert, Urug
Lair:1 Gastronok Below, exclusion: 3 oklob plants
Lair:2 Gastronok


Innate Abilities, Weirdness & Mutations

You have an increased reservoir of magic. (+10% MP)
((You have a pair of horns on your head.))
((Your flesh is very heat resistant. (rF++)))


Message History

The vampire mosquito buzzes angrily.
You hear a loud, deep croak!
You hear a croak.
The vampire mosquito bites you but does no damage.
The bullfrog hits you but does no damage.
The vampire mosquito bites you but does no damage.
You are too berserk!
You barely miss the vampire mosquito.
The bullfrog hits you but does no damage.
You block the vampire mosquito's attack.
The bullfrog hits you but does no damage.
You sock the vampire mosquito!
The vampire mosquito is severely damaged.
The vampire mosquito bites you but does no damage.
The bullfrog hits you but does no damage.
The vampire mosquito bites you but does no damage.
You bludgeon the vampire mosquito!!
You destroy the vampire mosquito!
The bullfrog hits you but does no damage.
The vampire mosquito bites you.
You die...

.......# . ......#
.........# ....F...
....... ##y.#.####
#...#.##.# #...Fy♣.#
.##....F###
........Z#######
#.#####.............
...# #.#.##.#######
#..# #.## #.#
#..#### #.# .....# #
#.# ####..#.##.# #.#


You could see a vampire mosquito, 2 bullfrogs and a centaur warrior skeleton.

Vanquished Creatures
  3 two-headed ogres
  An ugly thing (D:11)
  A manticore (D:12)
  A cyclops (D:11)
  The ghost of Kaishin the Ducker, a novice TeAE (D:4)
  2 trolls (D:13)
  2 hornets
  6 slime creatures
  2 hippogriffs (D:11)
  Sigmund (D:3)
  6 yaks (D:12)
  2 wraiths (D:12)
  3 wyverns
  A basilisk (D:11)
  10 humans
  A steam dragon (D:11)
  A vampire mosquito (D:15)
  A warg (D:9)
  Edmund (D:5)
  An acid dragon (D:11)
  2 soldier ants
  A water moccasin (D:6)
  4 porcupines (Lair:1)
  5 orc warriors
  2 black bears
  2 phantoms
  4 ogres
  3 sky beasts
  3 crocodiles
  4 bullfrogs
  A wyvern skeleton (D:5)
  3 scorpions
  A killer bee (D:13)
  2 howler monkeys
  5 crimson imps
  2 bullfrog zombies
  3 centaur zombies
  5 hounds
  4 orc priests
  A bullfrog skeleton (D:12)
  2 centaur skeletons
  6 iguanas
  8 orc wizards
  3 worker ants
  A hound zombie (D:7)
  A howler monkey zombie (D:11)
  A gnoll (D:2)
  8 adders
  A shadow imp (D:9)
  An ooze (D:5)
  3 adder skeletons
  An adder zombie (D:5)
  4 dart slugs
  2 worms
  3 leopard geckos
  22 orcs
  A ball python (D:1)
  8 bats
  4 giant cockroaches
  6 goblins
  6 hobgoblins
  6 jackals
  10 kobolds
  3 quokkas
  A ball python skeleton (D:5)
  A ball python zombie (D:5)
  6 frilled lizards
  A jackal skeleton (D:4)
  A leopard gecko skeleton (D:4)
  A quokka skeleton (D:6)
  6 rats
232 creatures vanquished.

Vanquished Creatures (collateral kills)
  A killer bee (D:13)
1 creature vanquished.

Grand Total: 233 creatures vanquished

Notes
Turn   | Place    | Note
-------+----------+-------------------------------------------
     0 | D:1      | Asddderdsw the Demigod Ice Elementalist began the quest for the Orb.
     0 | D:1      | Reached XP level 1. HP: 14/14 MP: 5/5
   396 | D:1      | Reached XP level 2. HP: 18/20 MP: 7/7
   472 | D:1      | Learned a level 2 spell: Throw Frost
  1174 | D:2      | Reached XP level 3. HP: 25/27 MP: 4/8
  1179 | D:2      | Learned a level 3 spell: Ozocubu's Armour
  1500 | D:2      | Reached XP level 4. HP: 18/34 MP: 6/10
  1837 | D:2      | Reached skill level 1 in Maces & Flails
  1980 | D:3      | Noticed Sigmund
  2060 | D:3      | Killed Sigmund
  2060 | D:3      | Reached XP level 5. HP: 32/39 MP: 0/12
  2166 | D:3      | Reached skill level 1 in Fighting
  2219 | D:3      | Learned a level 4 spell: Throw Icicle
  2641 | D:3      | Found a runed door.
  2711 | D:4      | Found a staircase to the Ecumenical Temple.
  2860 | D:4      | Found a stormy altar of Qazlal.
  2894 | D:4      | Noticed Kaishin's ghost (novice TeAE)
  3014 | D:4      | Reached XP level 6. HP: 31/47 MP: 13/13
  3086 | D:4      | Reached skill level 1 in Staves
  3500 | D:4      | Killed Kaishin's ghost
  3500 | D:4      | Reached XP level 7. HP: 6/52 MP: 4/15
  3702 | Temple   | Entered the Ecumenical Temple
  3941 | D:5      | Entered Level 5 of the Dungeon
  4156 | D:5      | Noticed Edmund
  4170 | D:5      | Killed Edmund
  4170 | D:5      | Reached skill level 1 in Charms
  4170 | D:5      | Reached skill level 5 in Ice Magic
  4396 | D:5      | Gained mutation: You have a pair of small horns on your head. [mutagenic meat]
  4397 | D:5      | Gained mutation: You are agile. (Dex +2) [mutagenic meat]
  4398 | D:5      | Gained mutation: You have a pair of horns on your head. [mutagenic meat]
  4399 | D:5      | Gained mutation: Your flesh is heat resistant. (rF+) [mutagenic meat]
  4400 | D:5      | Lost mutation: You are agile. (Dex +2) [mutagenic meat]
  4401 | D:5      | Gained mutation: Your flesh is very heat resistant. (rF++) [mutagenic meat]
  4420 | D:5      | Found an iron altar of Okawaru.
  4621 | D:5      | Reached skill level 1 in Conjurations
  4629 | D:5      | Learned a level 4 spell: Ice Form
  4694 | D:5      | Reached XP level 8. HP: 37/61 MP: 15/18
  4791 | D:5      | Found a burning altar of Makhleb.
  4792 | D:5      | Found a radiant altar of Vehumet.
  4928 | D:6      | Reached skill level 1 in Shields
  5619 | D:7      | Reached skill level 1 in Armour
  5626 | D:7      | Found a shimmering altar of Xom.
  5851 | D:7      | Found Zier's General Store.
  5859 | D:7      | Bought a scroll of teleportation for 36 gold pieces
  5859 | D:7      | Bought a scroll of identify for 24 gold pieces
  5859 | D:7      | Bought 2 scrolls of remove curse for 72 gold pieces
  5974 | D:7      | Found an opulent altar of Gozag.
  5974 | D:7      | Found a faded altar of an unknown god.
  5981 | D:7      | Found a shimmering altar of Xom.
  5983 | D:7      | Found a faded altar of an unknown god.
  5984 | D:7      | Found a shattered altar of Ashenzari.
  6004 | D:8      | Noticed Joseph
  6043 | D:8      | Learned a level 2 spell: Ensorcelled Hibernation
  6131 | D:8      | Noticed a two-headed ogre
  6802 | D:9      | Reached skill level 1 in Transmutations
  7084 | D:9      | Found a staircase to the Orcish Mines.
  7375 | D:9      | Reached skill level 5 in Spellcasting
  7375 | D:9      | Reached XP level 9. HP: 68/68 MP: 2/20
  7443 | D:9      | Noticed a two-headed ogre
  7534 | Orc:1    | Entered Level 1 of the Orcish Mines
  7675 | D:10     | Entered Level 10 of the Dungeon
  7760 | D:10     | Learned a level 2 spell: Repel Missiles
  7791 | D:10     | Noticed a two-headed ogre
  8262 | D:10     | Found a bloodstained altar of Trog.
  8528 | D:11     | Found Byrchelut's Antique Armour Shoppe.
  8826 | D:11     | Reached skill level 5 in Staves
  8951 | D:11     | Found a staircase to the Lair.
  9139 | Lair:1   | Entered Level 1 of the Lair of Beasts
  9608 | Lair:1   | Reached skill level 1 in Hexes
  9802 | Lair:1   | Noticed an oklob plant
  9802 | Lair:1   | Noticed an oklob plant
  9802 | Lair:1   | Noticed an oklob plant
 10392 | Lair:2   | Noticed Gastronok
 10392 | Lair:2   | Noticed a komodo dragon
 10573 | D:13     | Found a gate to the Vaults.
 10573 | D:13     | Noticed Rupert
 10573 | D:13     | Noticed a centaur warrior
 10573 | D:13     | Noticed Urug
 10573 | D:13     | Noticed an ogre mage
 10573 | D:13     | Noticed Frances
 10576 | D:12     | Noticed a manticore
 10669 | D:12     | Reached XP level 10. HP: 32/77 MP: 6/23
 10822 | D:12     | Paralysed by a hornet for 2 turns
 11547 | D:11     | Noticed a two-headed ogre
 11570 | D:11     | Learned a level 2 spell: Slow
 11573 | D:11     | Learned a level 2 spell: Blink
 11700 | D:10     | Killed a two-headed ogre
 12370 | D:11     | Noticed a cyclops
 12563 | D:11     | Noticed a cyclops
 12969 | D:12     | HP: 3/77 [slime creature (12)]
 13049 | D:11     | Noticed a purple ugly thing
 13090 | D:10     | Killed a two-headed ogre
 13295 | D:12     | Killed a manticore
 13295 | D:12     | Reached skill level 1 in Translocations
 13444 | D:12     | Noticed a two-headed ogre
 13699 | D:11     | Reached XP level 11. HP: 59/83 MP: 24/26
 13704 | D:11     | Learned a level 3 spell: Mephitic Cloud
 15019 | D:12     | Reached skill level 5 in Dodging
 15460 | D:13     | Noticed a two-headed ogre
 15480 | D:13     | Killed a two-headed ogre
 15857 | D:14     | Noticed a tengu warrior
 15871 | D:15     | Entered Level 15 of the Dungeon
 15877 | D:15     | HP: 2/84 [centaur warrior skeleton (7)]
 15904 | D:15     | HP: 2/84 [vampire mosquito (11)]
 15909 | D:15     | Slain by a vampire mosquito

Vault maps used:
D:1:      minmay_arrival_stone_box
D:2:      minmay_ruptured
D:3:      uniq_sigmund, uniq_crazy_yiuf_cottage
D:4:      grunt_qazlal_sundering, minmay_temple_entry_mist
D:5:      minmay_diamond_boxcup, grunt_temple_overflow_lords_of_destruction,
          okawaru_metal_pillars_3, first_bread, uniq_edmund
D:6:      uniq_pikel
D:7:      chequers_temple_overflow_minitemple, serial_shops, shop,
          grunt_ministairs_13, xom_teletrap_fun
D:8:      the_bakery, minmay_liquid_box, columned_hall_lemuel,
          minmay_misc_feat_doors, dk_noncrumbling_4, uniq_joseph
D:9:      david_orc_3
D:10:     bloody_trog
D:11:     erik_lair_dragon, serial_shops, nicolae_shop_overgrown_old_shop
D:13:     david_vaults_3, uniq_frances
D:14:     serial_glass, glass_columns_b, glass_columns_a, fedhas_altar_4
D:15:     grunt_enter_depths_magical_seal, basic_altar,
          nrook_guardian_serpent_double
Temple:   jpeg_temple_clearing
Lair:1:   dpeg_oklob_gauntlet, grunt_megastairs_4, infiniplex_staircase_pool
Lair:2:   guppyfry_snake_entry_garden, uniq_gastronok
Orc:1:    minmay_orc_temple_a

Skill      XL: |  1  2  3  4  5  6  7  8  9 10 11 |
---------------+----------------------------------+-----
Ice Magic      | 3 4 5 7 8 |  8.7
Dodging        | 2 3 4 5 |  5.2
Stealth        | 2 3 4 |  4.4
Spellcasting   | 2 3 4 5 6 7 8 |  8.4
Maces & Flails | 1 2 3 |  3.2
Fighting       | 1 2 3 4 |  4.0
Staves         | 1 2 4 5 6 |  6.4
Charms         | 1 2 |  2.8
Conjurations   | 1 2 3 4 |  4.2
Shields        | 1 2 |  2.5
Armour         | 1 |  1.3
Transmutations | 1 |  1.5
Hexes          | 1 2 |  2.3
Translocations | 1 |  1.2
Unarmed Combat | |  0.8
Air Magic      | |  0.5
Poison Magic   | |  0.8

Action                   |  1- 3 |  4- 6 |  7- 9 | 10-12 || total
-------------------------+-------+-------+-------+-------++-------
Melee: Dagger            |    32 |       |       |       ||    32
       Unarmed           |     2 |       |       |    23 ||    25
       Whip              |    34 |       |       |       ||    34
       Flail             |    20 |     2 |     6 |    73 ||   101
       Mace              |       |    53 |       |       ||    53
       Lajatang          |       |    51 |   222 |    86 ||   359
       Headbutt          |       |       |    44 |    62 ||   106
       Quarterstaff      |       |       |     5 |    59 ||    64
Throw: Stone             |       |       |     1 |       ||     1
 Cast: Freeze            |    32 |    30 |   113 |    58 ||   233
       Ozocubu's Armour  |       |     6 |    37 |    24 ||    67
       Throw Icicle      |       |       |    41 |    75 ||   116
       Ensorcelled Hiber |       |       |    16 |    16 ||    32
       Repel Missiles    |       |       |     1 |     1 ||     2
       Blink             |       |       |       |    17 ||    17
       Slow              |       |       |       |     9 ||     9
       Mephitic Cloud    |       |       |       |    18 ||    18
       Ice Form          |       |       |       |     2 ||     2
       Throw Frost       |       |       |       |     1 ||     1
  Use: Scroll            |     3 |     6 |     9 |    11 ||    29
       Potion            |     1 |       |     1 |     8 ||    10
 Stab: Sleeping          |     3 |     2 |     9 |     3 ||    17
       Distracted        |       |     1 |       |     1 ||     2
       Confused          |       |       |       |     1 ||     1
  Eat: Chunk             |     2 |     5 |    24 |     4 ||    35
       Royal jelly       |       |     1 |     3 |     2 ||     6
       Fruit             |       |       |     7 |       ||     7
       Meat ration       |       |       |       |     2 ||     2
       Bread ration      |       |       |       |     2 ||     2
Armor: Robe              |    39 |    32 |    94 |   101 ||   266
       Storm dragon scal |       |       |       |    17 ||    17
       Skin              |       |       |       |    15 ||    15
       Troll leather arm |       |       |       |     1 ||     1
Dodge: Dodged            |    85 |    77 |   195 |   227 ||   584
       Deflected         |       |       |       |     4 ||     4
Block: Other             |       |    16 |    31 |    22 ||    69
       Reflection        |       |     1 |     1 |     3 ||     5
       Buckler           |       |       |     2 |    41 ||    43
